 Dungeon Crawl Stone Soup version 0.27-a0-604-g29a88b33a7 (webtiles) character file.

Game seed: 8463680332489740757

17966 jestyr24 the Thaumaturge (level 12, -5/68 HPs)
             Began as a Deep Elf Conjurer on Mar 12, 2021.
             Was a High Priest of Nemelex Xobeh.
             Slain by a water moccasin (6 damage)
             ... on level 6 of the Lair of Beasts.
             The game lasted 01:42:36 (16342 turns).

jestyr24 the Thaumaturge (Deep Elf Conjurer)       Turns: 16342, Time: 01:42:39

Health: -5/68      AC:  5    Str:  4    XL:     12   Next: 23%
Magic:  28/41      EV: 13    Int: 29    God:    Nemelex Xobeh [*****.]
Gold:   671        SH:  0    Dex: 19    Spells: 26/40 levels left

rFire    + + .     SeeInvis .   J - staff of conjuration
rCold    + . .     Faith    .   (no shield)
rNeg     . . .     Spirit   .   l - +0 robe {rF+}
rPois    .         Reflect  .   (no helmet)
rElec    .         Harm     .   y - scarf {rC+ rF+}
rCorr    .         Rampage  .   R - +1 pair of gloves
Will     +....                  f - +0 pair of boots
Stlth    +++++.....             k - amulet of the acrobat
HPRegen  0.21/turn              e - ring of magical power
MPRegen  0.27/turn              H - +6 ring of dexterity

@: lethally poisoned (-5 -> -28)
A: no striking features
a: Renounce Religion, Draw Escape, Draw Destruction, Draw Summoning, Triple
Draw, Deal Four, Stack Five


You were on level 6 of the Lair of Beasts.
You worshipped Nemelex Xobeh.
Nemelex Xobeh was extremely pleased with you.
You visited 2 branches of the dungeon, and saw 15 of its levels.

You collected 991 gold pieces.
You spent 320 gold pieces at shops.

Inventory:

Hand Weapons
 a - the +4 morningstar of the Hills {freeze, rElec rPois rF+}
   (You found it on level 6 of the Dungeon)

   It has been specially enchanted to freeze those struck by it, causing extra
   injury to most foes and up to half again as much damage against particularly
   susceptible opponents.
   It can also slow down cold-blooded creatures.
   It protects you from fire.
   It insulates you from electricity.
   It protects you from poison.
 j - a +2 scimitar of flaming
 o - a +2 war axe of pain
 x - a +2 dagger of venom
 B - a +2 short sword of speed
Missiles
 c - 323 stones
 h - 26 poisoned darts
 i - 7 atropa-tipped darts
 D - 7 curare-tipped darts (quivered)
 E - 11 javelins
 G - 7 boomerangs of dispersal
 V - 6 boomerangs
Armour
 f - a +0 pair of boots (worn)
 l - a +0 robe of fire resistance (worn)
 y - a scarf of resistance (worn)
 R - a +1 pair of gloves (worn)
Magical Staves
 C - a staff of air
 J - a staff of conjuration (weapon)
Jewellery
 e - a ring of magical power (right hand)
 k - an amulet of the acrobat (around neck)
 H - a +6 ring of dexterity (left hand)
 P - a ring of positive energy
Wands
 d - a wand of iceblast (17)
 w - a wand of random effects (23)
 A - a wand of digging (5)
 I - a wand of paralysis (22)
 M - a wand of charming (5)
 U - a wand of polymorph (8)
Scrolls
 g - a scroll of brand weapon {unknown}
 n - 2 scrolls of fear
 q - a scroll of magic mapping
 r - 9 scrolls of identify
 t - a scroll of teleportation
 u - a scroll of blinking
 L - a scroll of enchant armour {unknown}
 Q - a scroll of immolation
Potions
 b - a potion of mutation {unknown}
 m - a potion of ambrosia {unknown}
 p - 4 potions of flight
 s - 3 potions of magic
 v - 2 potions of heal wounds
 z - 2 potions of lignification
 F - 3 potions of might
 K - a potion of curing {unknown}
 N - 2 potions of attraction {unknown}
 O - a potion of berserk rage
 S - a potion of invisibility {unknown}
 T - a potion of brilliance {unknown}


   Skills:
 + Level 5.0 Fighting
 - Level 2.6 Dodging
 + Level 10.6 Stealth
 + Level 14.6 Spellcasting
 + Level 12.0 Conjurations
 + Level 9.2 Hexes
 - Level 3.0 Invocations
 - Level 2.9 Evocations


You had 26 spell levels left.
You knew the following spells:

 Your Spells              Type           Power      Damage    Failure   Level
a - Magic Dart            Conj           100%       1d8       0%          1
b - Searing Ray           Conj           100%       3d7       1%          2
c - Fulminant Prism       Conj/Hex       45%        3d21      1%          4
d - Dazzling Flash        Conj/Hex       100%       N/A       1%          3
e - Slow                  Hex            66%        N/A       1%          2
f - Blink                 Tloc           N/A        N/A       3%          2

Your spell library contained the following spells:

 Spells                   Type           Power      Damage    Failure   Level
 Corona                   Hex            73%        N/A       1%          1
 Ensorcelled Hibernation  Hex/Ice        96%        N/A       1%          2
 Confusing Touch          Hex            66%        N/A       1%          3
 Conjure Flame            Conj/Fire      71%        6-21      1%          3
 Mephitic Cloud           Conj/Pois/Air  61%        N/A       1%          3
 Summon Guardian Golem    Hex/Summ       48%        N/A       1%          3
 Tukima's Dance           Hex            66%        N/A       1%          3
 Iskenderun's Mystic Bla  Conj/Tloc      71%        2d14      1%          4
 Beastly Appendage        Tmut           42%        N/A       2%          1
 Summon Small Mammal      Summ           84%        N/A       2%          1
 Call Imp                 Summ           21%        N/A       3%          2
 Wereblood                Tmut           21%        N/A       3%          2
 Call Canine Familiar     Summ           21%        N/A       7%          3
 Spider Form              Tmut/Pois      10%        N/A       7%          3
 Ice Form                 Ice/Tmut       21%        N/A       24%         4
 Summon Ice Beast         Ice/Summ       21%        N/A       24%         4
 Summon Lightning Spire   Summ/Air       21%        N/A       24%         4
 Blade Hands              Tmut           10%        N/A       54%         5


Dungeon Overview and Level Annotations

Branches:
Dungeon (10/15)            Temple (0/1) D:4            Lair (4/6) D:10
  Snake (0/4) Lair:2          Orc (0/2) D:9
  Swamp: Lair:2-4    Shoals: Lair:2-4

Altars:
Ashenzari
Cheibriados
Dithmenos
Elyvilon
Fedhas
Gozag
Kikubaaqudgha
Nemelex Xobeh
Okawaru
Ru
Trog
Uskayaw
Vehumet
Yredelemnul
Zin

Shops:
D:7 =

Portals:
Trove: D:10 (give 5 potions of resistance)


Message History

You hear a trumpeting! x2; You hear an angry hiss. x3
You have turned to stone.
Your fulminant prism explodes!
The blast of energy engulfs the basilisk!!!
You kill the basilisk!
The blast of energy engulfs the plant!!
The plant begins to die.
The plant is lightly damaged.
The blast of energy engulfs the plant!!
The plant begins to die.
The plant is lightly damaged.
The water moccasin hisses angrily.
You hear a bellow! x2
You hear an angry hiss.
You hear a howl!
You hear an angry hiss.
You hear a bellow! x2
A black mamba comes into view.
A nearby fungus withers and dies.
A nearby plant withers and dies. x2
The cane toad stings you. The water moccasin bites you.
The cane toad stings you! The black mamba bites you.
The water moccasin bites you. The cane toad stings you.
The black mamba bites you. The water moccasin bites you.
The black mamba bites you. The cane toad stings you!
An elephant comes into view.
The water moccasin bites you. The black mamba bites you!
The cane toad barely misses you. The black mamba barely misses you.
The water moccasin bites you.
You turn to flesh and can move again.
Casting: Fulminant Prism (safe; 1% risk of failure)
Confirm with . or Enter, or press ? or * to list all spells.
You feel a surge of power!
The water moccasin is dazzled.
The black mamba is dazzled.
The black mamba bites you.
* * * LOW HITPOINT WARNING * * *
You are poisoned.
The black mamba poisons you! The cane toad stings you!
* * * LOW HITPOINT WARNING * * *
You are more poisoned.
The cane toad poisons you! The water moccasin barely misses you.
The black mamba closely misses you. The cane toad stings you.
* * * LOW HITPOINT WARNING * * *
The water moccasin bites you.
You die...
Your body glows slightly and disappears.

..........##..
.............
.(..........
...........
..........#
........!P#
......†S..##
......F@...#
..#§≈#.S..##
≈≈§≈≈.#...#
#§≈§§§.....#
#≈§≈≈§.#....#
#≈≈#§§#......(
≈#≈.#.P........
§§..PP.........


You could see a black mamba (blind), a cane toad and a water moccasin (blind).

Vanquished Creatures
  Snorg (Lair:3)
  2 hydras
  A manticore (D:10)
  A salamander (Lair:1)
  Joseph (D:7)
  An elephant (D:10)
  The ghost of sahdkjhfkaj the Cutter, a novice MiGl (D:4)
  A centaur skeleton (D:10)
  4 cane toads
  A rime drake (Lair:1)
  Maggie (D:8)
  2 komodo dragons
  A troll (D:10)
  6 dream sheep (Lair:3)
  Sigmund (D:5)
  8 yaks
  6 basilisks
  2 fire bats (Lair:1)
  A wyvern (D:10)
  Grum (D:8)
  A steam dragon (D:9)
  2 nagas (Lair:2)
  Menkaure (D:5)
  8 water moccasins
  2 orc warriors
  A sky beast (D:10)
  3 black bears
  An ice beast (D:6)
  2 necrophages
  7 centaurs
  5 ogres
  15 wolves
  3 phantoms
  2 kobold brigands
  2 wyvern zombies
  8 bullfrogs
  3 scorpions
  A water moccasin skeleton (D:8)
  8 howler monkeys
  11 wights
  2 electric eels
  A lava snake (Lair:1)
  A quasit (D:8)
  An iron imp (D:7)
  A bullfrog zombie (D:10)
  4 hounds
  A jelly (D:7)
  8 orc priests
  2 bullfrog skeletons
  2 iguanas
  Terence (D:2)
  8 orc wizards
  Ijyb (D:5)
  8 worker ants
  A hound zombie (D:5)
  A hound skeleton (D:6)
  A worker ant zombie (D:10)
  A howler monkey skeleton (D:6)
  7 adders
  4 gnolls (D:5)
  2 white imps
  3 ufetubi (D:5)
  An ooze (D:5)
  A worm (D:2)
  3 dart slugs
  7 leopard geckos
  45 orcs
  3 ball pythons
  4 giant cockroaches
  5 goblins
  5 hobgoblins
  7 jackals
  15 kobolds
  6 quokkas
  7 bats
  4 frilled lizards
  2 leopard gecko skeletons
  A quokka skeleton (D:7)
  9 rats
315 creatures vanquished.

Vanquished Creatures (others)
  5 kobolds (D:10)
  A fire vortex (Lair:6)
  85 fulminant prisms
  13 fungi
  27 plants
131 creatures vanquished.

Grand Total: 446 creatures vanquished

Notes
Turn   | Place    | Note
-------+----------+-------------------------------------------
     0 | D:1      | jestyr24 the Deep Elf Conjurer began the quest for the Orb.
     0 | D:1      | Reached XP level 1. HP: 10/10 MP: 6/6
   233 | D:1      | Reached XP level 2. HP: 15/15 MP: 4/8
   510 | D:1      | Learned a level 2 spell: Searing Ray
   718 | D:2      | Reached skill level 5 in Conjurations
   718 | D:2      | Reached XP level 3. HP: 20/20 MP: 6/10
   990 | D:2      | Noticed Terence
   997 | D:2      | Killed Terence
   998 | D:2      | Reached XP level 4. HP: 24/24 MP: 3/11
  1159 | D:2      | Reached skill level 4 in Spellcasting
  1617 | D:2      | Learned a level 4 spell: Fulminant Prism
  2070 | D:3      | Reached skill level 1 in Hexes
  2070 | D:3      | Reached XP level 5. HP: 28/28 MP: 8/13
  2074 | D:3      | Reached skill level 1 in Fighting
  2328 | D:3      | Reached skill level 5 in Spellcasting
  2462 | D:3      | Found a sparkling altar of Nemelex Xobeh.
  2468 | D:3      | Became a worshipper of Nemelex Xobeh the Trickster
  2738 | D:2      | Learned a level 3 spell: Dazzling Flash
  3013 | D:3      | Reached XP level 6. HP: 34/34 MP: 13/16
  3126 | D:4      | Found a radiant altar of Vehumet.
  3126 | D:4      | Found a faded altar of an unknown god.
  3134 | D:4      | Found an opulent altar of Gozag.
  3140 | D:4      | Found a hide-covered altar of Uskayaw.
  3142 | D:4      | Found a broken altar of Ashenzari.
  3274 | D:4      | Reached skill level 6 in Spellcasting
  3396 | D:4      | Found a runed translucent door.
  3396 | D:4      | Noticed sahdkjhfkaj's ghost (novice MiGl)
  3438 | D:4      | Found a staircase to the Ecumenical Temple.
  3590 | D:4      | Reached XP level 7. HP: 39/39 MP: 13/18
  3916 | D:4      | Killed sahdkjhfkaj's ghost
  3917 | D:4      | Reached skill level 7 in Spellcasting
  3917 | D:4      | Reached XP level 8. HP: 45/45 MP: 5/21
  4057 | D:5      | Entered Level 5 of the Dungeon
  4097 | D:5      | Reached * piety under Nemelex Xobeh
  4177 | D:5      | Found a shadowy altar of Dithmenos.
  4183 | D:5      | Reached skill level 8 in Spellcasting
  4344 | D:5      | Noticed Ijyb
  4350 | D:5      | Killed Ijyb
  4351 | D:5      | Reached skill level 5 in Stealth
  4475 | D:5      | Reached skill level 5 in Hexes
  4652 | D:5      | Received a gift from Nemelex Xobeh
  4871 | D:5      | Noticed Menkaure
  4874 | D:5      | Killed Menkaure
  4875 | D:5      | Reached skill level 9 in Spellcasting
  5012 | D:5      | Noticed Sigmund
  5166 | D:5      | Killed Sigmund
  5167 | D:5      | Reached XP level 9. HP: 51/51 MP: 17/24
  6060 | D:6      | Identified the +4 morningstar of the Hills {freeze, rElec
                  | rPois rF+}
  6152 | D:6      | Reached skill level 10 in Spellcasting
  6245 | D:6      | Reached ** piety under Nemelex Xobeh
  7086 | D:7      | Noticed Joseph
  7100 | D:7      | Killed Joseph
  7345 | D:7      | Found Vopugeyba's Jewellery Emporium.
  7353 | D:7      | Bought a ring of magical power for 320 gold pieces
  7427 | D:7      | Received a gift from Nemelex Xobeh
  7903 | D:7      | Found a snail-covered altar of Cheibriados.
  8187 | D:8      | Noticed Maggie
  8196 | D:8      | Killed Maggie
  8243 | D:8      | Reached XP level 10. HP: 46/56 MP: 12/26
  8781 | D:8      | Noticed Grum
  8786 | D:8      | Reached skill level 11 in Spellcasting
  8788 | D:8      | Killed Grum
  8942 | D:8      | Reached *** piety under Nemelex Xobeh
  9771 | D:9      | Found a staircase to the Orcish Mines.
  9868 | D:9      | Found a bloodstained altar of Trog.
  9869 | D:9      | Found a glowing silver altar of Zin.
  9870 | D:9      | Found an ancient bone altar of Kikubaaqudgha.
  9870 | D:9      | Found an iron altar of Okawaru.
  9873 | D:9      | Found a white marble altar of Elyvilon.
  9873 | D:9      | Found a blossoming altar of Fedhas.
  9874 | D:9      | Found a basalt altar of Yredelemnul.
  9933 | D:9      | Reached skill level 10 in Conjurations
 10571 | D:10     | Entered Level 10 of the Dungeon
 10588 | D:10     | Reached skill level 12 in Spellcasting
 10770 | D:10     | Reached **** piety under Nemelex Xobeh
 10792 | D:10     | Received a gift from Nemelex Xobeh
 10793 | D:10     | Found a sacrificial altar of Ru.
 10996 | D:10     | Noticed an elephant
 11008 | D:10     | Found a staircase to the Lair.
 11013 | D:10     | Noticed a manticore
 11025 | D:10     | Killed a manticore
 11029 | D:10     | Killed an elephant
 11231 | D:10     | Reached XP level 11. HP: 61/61 MP: 29/29
 11339 | D:10     | Received a gift from Nemelex Xobeh
 11821 | D:10     | Found a portal to a secret trove of treasure.
 12060 | Lair:1   | Entered Level 1 of the Lair of Beasts
 12101 | Lair:1   | Reached skill level 10 in Stealth
 12155 | Lair:1   | Reached skill level 13 in Spellcasting
 12175 | Lair:1   | Received a gift from Nemelex Xobeh
 12231 | Lair:1   | Learned a level 2 spell: Slow
 12234 | Lair:1   | Learned a level 2 spell: Blink
 12938 | Lair:1   | Reached skill level 1 in Invocations
 13095 | Lair:1   | Reached ***** piety under Nemelex Xobeh
 13127 | Lair:1   | Received a gift from Nemelex Xobeh
 13305 | Lair:1   | Reached skill level 1 in Evocations
 13307 | Lair:1   | Noticed a five-headed hydra
 13315 | Lair:1   | Killed a five-headed hydra
 14071 | Lair:2   | Found a staircase to the Snake Pit.
 14561 | Lair:2   | Received a gift from Nemelex Xobeh
 14934 | Lair:3   | Reached skill level 14 in Spellcasting
 15255 | Lair:3   | Noticed Snorg
 15263 | Lair:3   | Killed Snorg
 15264 | Lair:3   | Reached XP level 12. HP: 68/68 MP: 27/32
 15266 | Lair:3   | Reached skill level 5 in Fighting
 15717 | Lair:3   | Noticed a four-headed hydra
 15730 | Lair:3   | Killed a four-headed hydra
 16327 | Lair:4   | You fall into a shaft and drop 2 floors!
 16327 | Lair:6   | Entered Level 6 of the Lair of Beasts
 16342 | Lair:6   | HP: 3/68 [cane toad (14)]
 16342 | Lair:6   | HP: 1/68 [cane toad (2)]
 16342 | Lair:6   | Slain by a water moccasin

Illustrated notes

Levels and vault maps discovered:
D:1:      amcnicky_arrival_choice, layout_rooms
D:2:      layout_basic, uniq_terence
D:3:      layout_rooms, nemelex_lonely_heart_becter
D:4:      layout_rooms, chequers_temple_overflow_minitemple,
          minmay_temple_entry_statues_fountains, hellmonk_ghost_happy_afterlife
D:5:      layout_loops_ring, grunt_dithmenos_smoke_and_mirrors,
          grunt_ministairs_5, due_unseen_surprise, uniq_sigmund, uniq_menkaure,
          uniq_ijyb
D:6:      layout_loops_corners
D:7:      layout_loops_ring, slow_altar_2, serial_shops, shop,
          dk_noncrumbling_4, uniq_joseph
D:8:      layout_cave_pods, uniq_maggie, uniq_grum
D:9:      layout_long_grid, grunt_temple_overflow_open, hiddenorc1_lemuel
D:10:     layout_stronghold, david_lair_generic, nicolae_trove_entry_diagonal,
          basic_altar, lemuel_flamethrower_2
Lair:1:   layout_gridlike
Lair:2:   layout_misc_corridors, guppyfry_snake_entry_island,
          infiniplex_staircase_pool_2
Lair:3:   layout_small_grid, minmay_holes, serial_bayou_shore_a, uniq_snorg
Lair:4:   kb_forest_paths, layout_regular_city, minmay_shoals_entry_centaurs
Lair:6:   grunt_lair_end_beastmaster, layout_gridlike, slime_dummy,
          minivault_24, uniq_sonja

Skill      XL: |  1  2  3  4  5  6  7  8  9 10 11 12 |
---------------+-------------------------------------+-----
Conjurations   | 5 6 8 9 10 11 12 | 12.0
Spellcasting   | 4 5 6 7 9 10 12 14 | 14.6
Stealth        | 3 4 5 8 9 10 | 10.6
Hexes          | 1 2 3 4 5 6 7 8 9 |  9.2
Fighting       | 1 2 3 4 5 |  5.0
Invocations    | 3 |  3.0
Evocations     | 2 |  2.9
Dodging        | |  2.6

Action                   |  1- 3 |  4- 6 |  7- 9 | 10-12 || total
-------------------------+-------+-------+-------+-------++-------
Melee: Mace              |       |    15 |     1 |       ||    16
       Dagger            |       |       |     8 |       ||     8
       Morningstar       |       |       |    10 |     3 ||    13
       Staff             |       |       |       |     8 ||     8
Throw: Dart              |       |       |       |     2 ||     2
 Cast: Magic Dart        |    47 |    52 |    53 |   122 ||   274
       Searing Ray       |     4 |    29 |    59 |    92 ||   184
       Dazzling Flash    |       |     1 |     1 |     1 ||     3
       Fulminant Prism   |       |     1 |    16 |    68 ||    85
       Slow              |       |       |       |     2 ||     2
Invok: Draw Escape       |       |       |     1 |     1 ||     2
       Draw Destruction  |       |       |     1 |       ||     1
Evoke: Wand              |       |       |     1 |       ||     1
  Use: Potion            |     1 |       |     2 |     2 ||     5
       Scroll            |     1 |       |     1 |     9 ||    11
 Stab: Sleeping          |       |     2 |     1 |       ||     3
       Distracted        |       |       |     2 |       ||     2
Armor: Robe              |     1 |    12 |     5 |     6 ||    24
Dodge: Dodged            |     3 |    33 |    44 |    73 ||   153

Table legend: (Time is in decaauts)
 A = Elapsed time spent in this place.
 B = Non-inter-level travel time spent in this place.
 C = Inter-level travel time spent in this place.
 D = Time resting spent in this place.
 E = Time spent auto-exploring this place.
 F = Levels seen in this place.
 G = Mean time per level.
                   A        B        C        D        E       F      G
               +--------+--------+--------+--------+--------+-----+--------+
         Total |  16402 |  15758 |    644 |   4339 |   8860 |  15 | 1093.5 |
       Dungeon |  12084 |  11544 |    540 |   2944 |   6649 |  10 | 1208.4 |
          Lair |   4318 |   4214 |    104 |   1395 |   2211 |   5 |  863.6 |
               +--------+--------+--------+--------+--------+-----+--------+

Top non-repeatable levels by time:
  Lair:3: 1696 daAuts
  Lair:1: 1678 daAuts
     D:5: 1559 daAuts
     D:2: 1510 daAuts
    D:10: 1489 daAuts
     D:6: 1413 daAuts
     D:9: 1238 daAuts
     D:8: 1189 daAuts
     D:7: 1127 daAuts
     D:4: 959 daAuts
  Lair:2: 925 daAuts
     D:3: 879 daAuts
     D:1: 716 daAuts
  Lair:6: 16 daAuts
  Lair:4: 1 daAuts
